 Dungeon Crawl Stone Soup version 0.17.0 (webtiles) character file.

3312 inmateoo the Covert (level 9, -8/68 HPs)
             Began as a Vampire Assassin on Nov 6, 2015.
             Was a Believer of Okawaru.
             Shot with an arrow by a centaur (9 damage)
             ... on level 7 of the Dungeon.
             The game lasted 00:17:49 (9244 turns).

inmateoo the Covert (Vampire Assassin)              Turns: 9244, Time: 00:17:50

Health: -8/68      AC:  5    Str: 10    XL:     9   Next: 70%
Magic:  16/16      EV: 16    Int: 13    God:    Okawaru [**....]
Gold:   392        SH:  0    Dex: 17    Spells: 2 memorised, 14 levels left

rFire  . . .     SeeInvis +     a - +4 dagger
rCold  . . .     Clarity  .     c - +0 robe
rNeg   . . .     SustAt   .     (no shield)
rPois  .         Gourm    .     (helmet restricted)
rElec  .         Spirit   .     d - +1 cloak
rCorr  .         Warding  .     i - +0 pair of gloves
rMut   .         Stasis   .     (no boots)
MR     .....                    (no amulet)
Stlth  +++++.....               (no ring)
                                (no ring)

@: very slightly contaminated, regenerating quickly, not resistant to hostile
enchantments, quite stealthy
A: fangs 3, horns 1, see invisible, dopey 1, unbreathing
a: Heroism, Renounce Religion


You were on level 7 of the Dungeon.
You worshipped Okawaru.
Okawaru was pleased with you.
You were full.

You visited 2 branches of the dungeon, and saw 8 of its levels.

You collected 407 gold pieces.
You spent 15 gold pieces at shops.

Inventory:

Hand Weapons
 a - a +4 dagger (weapon)
 b - a +0 blowgun
Missiles
 e - 45 poisoned needles
 f - 6 curare-tipped needles
 w - 8 needles of slowing
Armour
 c - a +0 robe (worn)
 d - a +1 cloak (worn)
 i - a +0 pair of gloves (worn)
Jewellery
 h - an uncursed ring of flight
 s - an uncursed amulet of stasis
Wands
 r - a wand of hasting (1)
 v - a wand of polymorph (15)
 y - a wand of disintegration (7)
 A - a wand of digging (13)
 D - a wand of magic darts (26)
Scrolls
 g - 3 scrolls of magic mapping
 k - a scroll of teleportation
 p - 2 scrolls of enchant weapon
 t - a scroll of blinking
 B - a scroll of remove curse
 E - a scroll of recharging
Potions
 j - a potion of haste
 l - a potion of might {unknown}
 m - a potion of magic
 n - a potion of mutation
 o - 2 potions of cancellation
 x - 2 potions of heal wounds {unknown}
 z - a potion of beneficial mutation {unknown}
Books
 C - a book of Minor Magic

   Spells                             Type                      Level
   a - Magic Dart                     Conjuration                  1
   b - Blink                          Translocation                2
   c - Call Imp                       Summoning                    2
   d - Repel Missiles                 Charms/Air                   2
   e - Slow                           Hexes                        2
   f - Conjure Flame                  Conjuration/Fire             3
   g - Mephitic Cloud                 Conjuration/Poison/Air       3


   Skills:
 + Level 5.3 Fighting
 * Level 8.8 Short Blades
 - Level 1.5 Throwing
 + Level 5.8 Dodging
 + Level 11.0 Stealth
 + Level 5.0 Spellcasting


You had 14 spell levels left.
You knew the following spells:

 Your Spells              Type           Power        Failure   Level  Hunger
a - Blink                 Tloc           N/A          30%         2    ##.....
b - Repel Missiles        Chrm/Air       #.....       30%         2    ##.....


Dungeon Overview and Level Annotations

Branches:
Dungeon (7/15)             Temple (1/1) D:4

Altars:
Ashenzari
Dithmenos
Elyvilon
Gozag
Kikubaaqudgha
Makhleb
Okawaru
Ru
Sif Muna
Trog
Vehumet
Xom
Zin
The Shining One

Shops:
D:5 *


Innate Abilities, Weirdness & Mutations

Your natural rate of healing is unusually fast.
You have razor-sharp teeth.
You have supernaturally acute eyesight.
You can survive without breathing.
You have a pair of small horns on your head.
You are dopey. (Int -2)


Message History

The electric eel shoots out a bolt of lightning at you!
The bolt of electricity hits you!
* * * LOW HITPOINT WARNING * * *
The bolt of electricity hits you!
* * * LOW HITPOINT WARNING * * *
Read which item? (? for menu, Esc to quit)
Okay, then.
The gnoll shaman closely misses you.
Unknown command.
Read which item? (? for menu, Esc to quit)
Blink to where?
Press: ? - help, Dir - move target cursor You are very lightly contaminated with residual magic.
As you read the scroll of blinking, it crumbles to dust.
A centaur comes into view.
The centaur barely misses you.
The centaur wields a shortbow.
The centaur shoots an arrow.
The arrow hits you!
* * * LOW HITPOINT WARNING * * *
The centaur shoots an arrow.
The arrow hits you!
You die...

##...## #...........## ##..##
#............# ##..# #####
##............# ##.## ##...#
#............##
#####..###....####............#
#[#P..P..P...................##
..♣≈≈P≈≈.≈≈.......##..........###
.P≈≈P≈≈.≈≈.♣...#.###........##...
..≈≈.≈≈≈≈.≈♣♣...@# #........#####
#♣≈.≈≈≈≈≈≈♣≈P.c..# #.......## #.
#.P≈≈≈≈.≈.≈...#.## ##.....## ##.
...P≈≈≈≈P≈≈.###.# ###...# #..
.....♣..♣♣..##..# ##### ##..
.........#####..# #...
..>.......# #.## #...
..........####g# #...
...........##..# #...


You could see a centaur and a gnoll shaman.

Vanquished Creatures
  Sigmund (D:2)
  Edmund (D:6)
  A wasp (D:6)
  A black bear (D:7)
  An ice beast (D:6)
  2 centaurs (D:5)
  3 orc warriors
  An ogre (D:6)
  2 gnoll sergeants
  4 giant frogs
  2 scorpions
  10 wights (D:6)
  2 giant frog zombies
  A crimson imp (D:7)
  2 electric eels (D:7)
  A centaur skeleton (D:6)
  7 orc priests
  A hound (D:7)
  A quasit (D:6)
  A giant frog skeleton (D:6)
  9 worker ants
  7 orc wizards
  2 hound skeletons
  A worker ant zombie (D:7)
  14 gnolls
  9 adders
  A shadow imp (D:6)
  3 worms
  An adder skeleton (D:4)
  19 orcs
  A ball python (D:1)
  11 bats
  9 giant cockroaches
  14 hobgoblins
  6 jackals
  5 kobolds
  4 quokkas
  2 giant geckos (D:1)
  2 giant gecko skeletons
  6 giant newts
  7 goblins
  9 rats
187 creatures vanquished.

Notes
Turn   | Place    | Note
--------------------------------------------------------------
     0 | D:1      | inmateoo the Vampire Assassin began the quest for the Orb.
     0 | D:1      | Reached XP level 1. HP: 16/16 MP: 1/1
   229 | D:1      | Reached skill level 6 in Stealth
   235 | D:1      | Reached XP level 2. HP: 16/22 MP: 2/2
   521 | D:1      | Reached XP level 3. HP: 24/27 MP: 3/3
   988 | D:2      | Noticed Sigmund
  1465 | D:2      | Reached XP level 4. HP: 17/34 MP: 4/4
  1995 | D:2      | Killed Sigmund
  1995 | D:2      | Reached skill level 7 in Stealth
  1995 | D:2      | Reached skill level 1 in Spellcasting
  1995 | D:2      | Reached XP level 5. HP: 21/40 MP: 5/7
  1995 | D:2      | Reached XP level 6. HP: 24/46 MP: 5/8
  2302 | D:3      | Found a sacrificial altar of Ru.
  2843 | D:3      | Reached skill level 8 in Stealth
  3136 | D:4      | Reached skill level 5 in Short Blades
  3136 | D:4      | Reached XP level 7. HP: 52/52 MP: 10/10
  3303 | D:4      | Found a white marble altar of Elyvilon.
  3483 | D:4      | Found a radiant altar of Vehumet.
  3487 | D:4      | Found a shadowy altar of Dithmenos.
  3490 | D:4      | Found a shimmering altar of Xom.
  3523 | D:4      | Found a staircase to the Ecumenical Temple.
  3566 | Temple   | Entered the Ecumenical Temple
  4313 | D:5      | Entered Level 5 of the Dungeon
  4340 | D:5      | Found Wynubehube's Assorted Antiques.
  4362 | D:5      | Bought a brown potion for 15 gold pieces
  4859 | D:5      | Found an iron altar of Okawaru.
  4885 | D:5      | Became a worshipper of Warmaster Okawaru
  4980 | D:6      | Reached XP level 8. HP: 41/60 MP: 12/12
  4996 | D:6      | Reached skill level 9 in Stealth
  5005 | D:6      | HP: 3/60 [orc priest/divine providence (9)]
  5710 | D:6      | Paralysed by a wasp for 3 turns
  5772 | D:5      | Reached * piety under Okawaru
  6996 | D:6      | Reached XP level 9. HP: 66/66 MP: 15/15
  7000 | D:6      | Reached skill level 10 in Stealth
  7015 | D:6      | Noticed Edmund
  7187 | D:6      | Killed Edmund
  7187 | D:6      | Reached skill level 5 in Dodging
  7342 | D:6      | Reached ** piety under Okawaru
  7570 | D:7      | Reached skill level 5 in Fighting
  8785 | D:7      | Learned a level 2 spell: Blink
  8788 | D:7      | Learned a level 2 spell: Repel Missiles
  8853 | D:7      | Reached skill level 11 in Stealth
  9089 | D:7      | Reached skill level 5 in Spellcasting
  9209 | D:7      | Gained mutation: You are dopey. (Int -2) [potion of mutation]
  9209 | D:7      | Gained mutation: You have a pair of small horns on your head. [potion of mutation]
  9225 | D:7      | HP: 3/68 [electric eel/bolt of electricity (7)]
  9244 | D:7      | HP: 1/68 [centaur/arrow (8)]
  9244 | D:7      | Shot with an arrow by a centaur

Action                   |  1- 3 |  4- 6 |  7- 9 || total
-------------------------+-------+-------+-------++-------
Melee: Dagger            |   211 |   203 |   617 ||  1031
       Unarmed           |       |       |    13 ||    13
 Fire: Blowgun           |     8 |    19 |    30 ||    57
 Cast: Repel Missiles    |       |       |     1 ||     1
Evoke: Wand              |       |       |     2 ||     2
  Use: Scroll            |    11 |     5 |     9 ||    25
       Potion            |       |       |     4 ||     4
 Stab: Sleeping          |    10 |    16 |    21 ||    47
       Distracted        |     1 |     1 |       ||     2
  Eat: Corpse            |    14 |    13 |    26 ||    53
